 Dungeon Crawl Stone Soup version 0.29.1-1-gd02db69 (webtiles) character file.

Game seed: 15227699870721895880

28185 Kel the Severer (level 13, -9/82 HPs)
             Began as a Gargoyle Berserker on Mar 25, 2023.
             Was a High Priest of Trog.
             Mangled by Jorgrun
             ... wielding a +0 morningstar
              (26 damage)
             ... on level 12 of the Dungeon.
             The game lasted 00:52:53 (14470 turns).

Kel the Severer (Gargoyle Berserker)               Turns: 14470, Time: 00:52:53

Health: -9/82      AC: 28    Str: 26    XL:     13   Next: 37%
Magic:  13/13      EV: 13    Int:  8    God:    Trog [*****.]
Gold:   829        SH:  0    Dex: 18    Spells: 12/12 levels left

rFire   x . .      SeeInvis .   Q - +7 mace of Variability {chain chaos}
rCold   + . .      Faith    .   (shield currently unavailable)
rNeg    + . .      Spirit   .   d - +6 ring mail "Ocomef" {-Cast rF- rC+ Dex+3}
rPois   ∞          Reflect  .   (no helmet)
rElec   +          Harm     .   i - +2 cloak
rCorr   .          Rampage  .   (no gloves)
Will    +....      NoCast   +   F - +1 pair of boots
Stlth   +.........              (no amulet)
HPRegen 0.23/turn               v - ring of willpower
MPRegen 0.13/turn               t - +6 ring of dexterity

@: on berserk cooldown, slowed, very slow
A: sickness immunity, AC +9, negative energy resistance 1, electricity
resistance, torment resistance 1, petrification resistance
a: Renounce Religion, Berserk, Trog's Hand, Brothers in Arms


You were on level 12 of the Dungeon.
You worshipped Trog.
Trog was extremely pleased with you.
You visited 1 branch of the dungeon, and saw 12 of its levels.
You also visited: Sewer.

You collected 829 gold pieces.

Inventory:

Hand Weapons
 M - a +3 vorpal war axe
 Q - the +7 mace of Variability (weapon) {chain chaos}
   (You found it on level 11 of the Dungeon)

   Each time it hits an enemy it has a different, random effect.
   It occasionally unleashes arcs of chaos on nearby creatures upon striking a
   foe.
Missiles
 y - 4 throwing nets (quivered)
Armour
 a - a +0 kite shield
 d - the +6 ring mail "Ocomef" (worn) {-Cast rF- rC+ Dex+3}
   (You found it on level 3 of the Dungeon)

   Dex:       It affects your dexterity (+3).
   rF:        It makes you vulnerable to fire.
   rC:        It protects you from cold.
   -Cast:     It prevents spellcasting.
 i - a +2 cloak (worn)
 F - a +1 pair of boots (worn)
 P - a scarf of invisibility
Jewellery
 o - a ring of protection from cold
 t - a +6 ring of dexterity (right hand)
 v - a ring of willpower (left hand)
 D - the amulet of Elemental Vulnerability {rPois rF-- rC-- AC+8}
   (You found it on level 6 of the Dungeon)

   [amulet of nothing]

   AC:        It affects your AC (+8).
   rF:        It makes you very vulnerable to fire.
   rC:        It makes you very vulnerable to cold.
   rPois:     It protects you from poison.
Wands
 h - a wand of roots (5)
 u - a wand of quicksilver (18)
 E - a wand of paralysis (16)
 H - a wand of mindburst (12)
 I - a wand of flame (14)
Scrolls
 b - 2 scrolls of poison
 c - 2 scrolls of fog
 f - a scroll of immolation
 k - 2 scrolls of fear
 n - 5 scrolls of amnesia
 x - 2 scrolls of magic mapping
 A - a scroll of vulnerability
 B - 4 scrolls of teleportation
 G - 3 scrolls of blinking {unknown}
 J - a scroll of silence {unknown}
 K - a scroll of torment
 O - a scroll of enchant weapon {unknown}
Potions
 e - 2 potions of might
 g - 5 potions of curing
 j - 3 potions of berserk rage
 l - 3 potions of cancellation
 p - 5 potions of flight
 q - a potion of magic
 r - a potion of ambrosia
 s - 2 potions of brilliance
 w - 5 potions of lignification {unknown}
 z - 3 potions of mutation
 L - a potion of haste


   Skills:
 * Level 10.0 Fighting
 - Level 16.4(16.5) Axes
 + Level 3.1(12.0) Maces & Flails
 * Level 9.7 Armour
 + Level 4.6 Dodging


You had 12 spell levels left.
You didn't know any spells.
Your spell library was empty.

Dungeon Overview and Level Annotations

Branches:
Dungeon (12/15)            Temple (0/1) D:5            Lair (0/5) D:10
    Orc (0/2) D:9           Sewer (visited)

Altars:
Sif Muna
Uskayaw
Xom
Yredelemnul

Shops:
D:5 *   D:9 =[(   D:10 =   D:11 ?

Annotations:
D:12 Jorgrun


Innate Abilities, Weirdness & Mutations

You are immune to sickness and miasma.
Your stone body is resilient. (AC +9)
You are immune to poison.
You resist negative energy. (rN+)
You are resistant to electric shocks. (rElec)
You are resistant to unholy torment.
You are immune to petrification.


Message History

You start waiting.
Jorgrun is nearby!
Jorgrun shouts!
Jorgrun gestures next to you while chanting.
The wall shatters!
The blast of rock fragments hits you!
Found a stone staircase leading down.
You hear a grinding noise.
You start resting.
You hear a grinding noise. x2
A red film seems to cover your vision as you go berserk!
You feel yourself moving faster!
You feel mighty!
You feel a strong urge to attack something.
You bludgeon Jorgrun!!
Jorgrun goes berserk!
Jorgrun is lightly wounded.
Jorgrun hits you with a +0 morningstar!
You bludgeon Jorgrun!!
Jorgrun is moderately wounded.
Jorgrun closely misses you.
You bludgeon Jorgrun!!
Jorgrun flickers and vanishes!
Deactivating autopickup; reactivate with Ctrl-A.
You hear a shout!
Something hits you!
You hear a shout!
You miss something. Something hits you! Something hits you but does no damage.
You completely miss something. Something completely misses you.
You completely miss something. Something hits you!!
You sock something! Something hits you!
* * * LOW HITPOINT WARNING * * *
You bludgeon something!! You burn something.
The mace of Variability scintillates.
A swirling arc of seething chaos appears!
The arc of chaos hits something!
The arc of chaos hits something. x2
You are no longer berserk.
You are exhausted.
You feel yourself slow down.
You start resting.
Something hits you but does no damage.
You barely miss something. Something hits you!
* * * LOW HITPOINT WARNING * * *
Something hits you!!
You die...

##....#
............#..
.......
#†.#######.....
.......###.##
##......
....[...##..#
##..##... ....
#...##.####..###...
.....#.......##..##
#..#
#....#........†.##
#.##
#..........##..#
#..#
#....@{..###..#
#..# ##.>.#..##
##..# #.. #.......#
.......
#...###..........
#..## #..........
....# #.........
#### #.... ####


There were no monsters in sight!

Vanquished Creatures
  Kirke (D:12)
  A ghost moth (shapeshifter) (D:9)
  4 hydras
  Harold (D:10)
  A centaur warrior (D:9)
  An ogre mage (D:9)
  A catoblepas (D:9)
  3 merfolk aquamancers (D:12)
  3 two-headed ogres
  A tengu warrior (D:9)
  A skeletal warrior (D:9)
  3 ugly things
  3 manticores
  2 cyclopes
  A water nymph (D:12)
  An efreet (D:9)
  3 trolls
  A slime creature (D:9)
  A shadow (D:11)
  7 wyverns
  30 yaks
  A vampire (D:8)
  2 wraiths
  A basilisk (D:10)
  5 vampire mosquitoes
  3 chaos spawn (D:11)
  A steam dragon (D:9)
  A steam dragon (shapeshifter) (D:9)
  Edmund (D:6)
  6 water moccasins
  Duvessa (D:7)
  7 orc warriors
  4 ice beasts
  2 sky beasts
  2 black bears (D:10)
  4 centaurs
  3 wolves (D:10)
  6 kobold brigands
  4 bullfrogs
  5 gnoll sergeants
  5 scorpions
  Dowan (D:7)
  10 howler monkeys
  A crimson imp (D:10)
  5 orc priests
  2 hounds
  3 jellies
  A gnoll bouda (D:6)
  Jessica (D:2)
  2 iguanas
  9 orc wizards
  Terence (D:3)
  22 gnolls
  11 adders
  A river rat (D:3)
  2 white imps
  An ufetubus (D:5)
  An orc zombie (D:11)
  2 worms
  5 dart slugs
  30 orcs
  7 ball pythons
  2 bats
  8 endoplasms
  4 giant cockroaches
  5 hobgoblins (D:1)
  10 jackals
  3 quokkas
  3 frilled lizards (D:1)
  7 goblins
  12 kobolds
  12 rats
318 creatures vanquished.

Vanquished Creatures (others)
  A yak (D:9)
  5 humans (D:12)
  A bullfrog (D:9)
  3 gnolls (D:9)
  3 bushes (D:10)
  2 fungi (D:10)
  14 plants
29 creatures vanquished.

Grand Total: 347 creatures vanquished

Notes
Turn   | Place    | Note
-------+----------+-------------------------------------------
     0 | D:1      | Kel the Gargoyle Berserker began the quest for the Orb.
     0 | D:1      | Reached XP level 1. HP: 14/14 MP: 1/1
   307 | D:1      | Reached skill level 3 in Axes
   487 | D:1      | Reached XP level 2. HP: 17/19 MP: 2/2
   928 | D:1      | Reached XP level 3. HP: 23/23 MP: 3/3
  1306 | D:2      | Reached skill level 4 in Axes
  1420 | D:2      | Reached XP level 4. HP: 26/28 MP: 4/4
  1499 | D:2      | Reached ** piety under Trog
  1724 | D:2      | Noticed Jessica
  1729 | D:2      | Killed Jessica
  1936 | D:3      | Identified the +6 ring mail "Ocomef" {-Cast rF- rC+ Dex+3}
  1963 | D:3      | Noticed Terence
  1983 | D:3      | Killed Terence
  1984 | D:3      | Reached skill level 5 in Axes
  1991 | D:3      | Reached XP level 5. HP: 19/32 MP: 5/5
  2315 | D:3      | Found a glowing drain.
  2323 | Sewer    | Entered a sewer
  2441 | Sewer    | Noticed a kobold brigand
  2462 | Sewer    | Killed a kobold brigand
  2463 | Sewer    | Reached skill level 6 in Axes
  2463 | Sewer    | Reached XP level 6. HP: 37/37 MP: 6/6
  2692 | Sewer    | Found a white marble altar of Elyvilon.
  3013 | D:3      | Found a faded altar of an unknown god.
  3849 | D:4      | Found a shimmering blue altar of Sif Muna.
  4012 | D:4      | Found a hide-covered altar of Uskayaw.
  4022 | D:4      | Reached skill level 7 in Axes
  4022 | D:4      | Reached XP level 7. HP: 24/41 MP: 7/7
  4744 | D:5      | Entered Level 5 of the Dungeon
  4779 | D:5      | Reached *** piety under Trog
  4796 | D:5      | Reached skill level 8 in Axes
  5032 | D:5      | Found Ruuzoorgh's Assorted Antiques.
  5148 | D:5      | Reached XP level 8. HP: 35/46 MP: 8/8
  5394 | D:5      | Found a staircase to the Ecumenical Temple.
  5536 | D:6      | Found a basalt altar of Yredelemnul.
  5561 | D:6      | Reached skill level 9 in Axes
  5957 | D:6      | Noticed Edmund
  5976 | D:6      | Killed Edmund
  5977 | D:6      | Reached skill level 10 in Axes
  6121 | D:6      | Reached XP level 9. HP: 51/51 MP: 9/9
  6207 | D:6      | Found the amulet of Elemental Vulnerability {rPois rF--
                  | rC-- AC+8}
  6801 | D:7      | Noticed Duvessa
  6801 | D:7      | Noticed Dowan
  6812 | D:7      | Killed Duvessa
  6832 | D:7      | Killed Dowan
  6833 | D:7      | Reached skill level 11 in Axes
  7596 | D:7      | Reached skill level 12 in Axes
  7903 | D:8      | Reached XP level 10. HP: 51/56 MP: 10/10
  8065 | D:8      | Reached skill level 13 in Axes
  8600 | D:9      | Found Qunguy's Jewellery Shoppe.
  8660 | D:9      | Noticed a green ugly thing
  8669 | D:9      | Noticed a seven-headed hydra
  8922 | D:9      | Reached **** piety under Trog
  8933 | D:9      | Found Pideirim's Armour Shoppe.
  8933 | D:9      | Found a staircase to the Orcish Mines.
  8933 | D:9      | Found Raggeku's Weapon Shoppe.
  9114 | D:9      | Noticed a two-headed ogre
  9123 | D:9      | Killed a two-headed ogre
  9124 | D:9      | Reached skill level 14 in Axes
  9183 | D:9      | Noticed a six-headed hydra
  9200 | D:9      | Killed a six-headed hydra
  9311 | D:9      | Noticed a centaur warrior
  9331 | D:9      | Killed a centaur warrior
  9332 | D:9      | Reached skill level 15 in Axes
  9332 | D:9      | Reached XP level 11. HP: 60/60 MP: 11/11
  9345 | D:9      | Killed a green ugly thing
  9447 | D:9      | Noticed a cyclops
  9463 | D:9      | Killed a cyclops
  9783 | D:9      | Killed a seven-headed hydra
  9796 | D:9      | Noticed a catoblepas
  9853 | D:9      | Noticed a skeletal warrior
  9864 | D:9      | Killed a skeletal warrior
 10106 | D:9      | Killed a catoblepas
 10237 | D:9      | Noticed a manticore
 10252 | D:9      | Killed a manticore
 10253 | D:9      | Reached skill level 5 in Fighting
 10332 | D:9      | Noticed a tengu warrior
 10342 | D:9      | Killed a tengu warrior
 10402 | D:9      | Noticed an ogre mage
 10409 | D:9      | Killed an ogre mage
 10410 | D:9      | Reached skill level 16 in Axes
 10410 | D:9      | Reached skill level 5 in Armour
 10568 | D:9      | Killed a ghost moth
 10833 | D:9      | Noticed a manticore
 10844 | D:9      | Killed a manticore
 10845 | D:9      | Reached XP level 12. HP: 70/70 MP: 12/12
 10990 | D:9      | Noticed a two-headed ogre
 10999 | D:9      | Killed a two-headed ogre
 11224 | D:10     | Entered Level 10 of the Dungeon
 11327 | D:10     | Noticed a two-headed ogre
 11331 | D:10     | Killed a two-headed ogre
 11392 | D:10     | Found Farr's Jewellery Shop.
 11396 | D:10     | Noticed Harold
 11411 | D:10     | Killed Harold
 11930 | D:10     | Found a staircase to the Lair.
 12329 | D:11     | Noticed an eight-headed hydra
 12345 | D:11     | Killed an eight-headed hydra
 12587 | D:11     | Found Qeony's Magic Scroll Emporium.
 12652 | D:11     | Found a shimmering altar of Xom.
 12654 | D:11     | Found the +7 mace of Variability {chain chaos}
 12906 | D:11     | Reached skill level 1 in Maces & Flails
 13173 | D:11     | Noticed a five-headed hydra
 13176 | D:11     | Killed a five-headed hydra
 13536 | D:11     | Reached XP level 13. HP: 80/80 MP: 13/13
 13874 | D:12     | Reached ***** piety under Trog
 13875 | D:12     | Noticed Kirke
 13892 | D:12     | Killed Kirke
 14382 | D:12     | Reached skill level 10 in Fighting
 14425 | D:12     | Noticed Jorgrun
 14470 | D:12     | Mangled by Jorgrun

Illustrated notes

Levels and vault maps discovered:
D:1:      enne_arrival_octagon_isle, layout_basic
D:2:      layout_loops_ring, kennysheep_jessica_study
D:3:      layout_basic, shapermc_ecumenical_altar_mp_urbaneastern,
          lightli_sewer_entry_pipes, uniq_terence
D:4:      layout_loops_ring, mainiacjoe_overflow_24_doors,
          mainiacjoe_overflow_six_doors_small, corner_web_ring
D:5:      layout_cave_pools, minmay_temple_entry_glassed_door, serial_shops,
          nicolae_shop_overgrown_old_shop
D:6:      layout_cave_pods, mainiacjoe_overflow_tiny_flanked,
          minmay_misc_feat_square, uniq_edmund
D:7:      layout_basic, uniq_duvessa
D:8:      layout_loops_cross, serial_glass, glass_columns_c, glass_columns_b,
          nzn_life_drinkers
D:9:      layout_loops_cross, orc_david_3, serial_shops, shop,
          minmay_misc_feat_rows, nicolae_rejected_hall
D:10:     layout_loops_ring, minmay_lair_entry_grove, serial_shops,
          nicolae_shop_behind_doors, minmay_fire_ice_demons, uniq_harold
D:11:     layout_roguey, serial_shops, shop, hangedman_decor_growths,
          minmay_guarded_unrand_variability
D:12:     layout_layer_cave, nicolae_splish_splash, uniq_kirke, uniq_jorgrun

Skill      XL: |  1  2  3  4  5  6  7  8  9 10 11 12 13 |
---------------+----------------------------------------+-----
Axes           | 3 4 5 6 7 8 10 12 15 16 | 16.4
Fighting       | 6 9 10 | 10.0
Armour         | 5 8 9 |  9.7
Dodging        | 2 4 |  4.6
Maces & Flails | 1 3 |  3.1

Action                   |  1- 3 |  4- 6 |  7- 9 | 10-12 | 13-15 || total
-------------------------+-------+-------+-------+-------+-------++-------
Melee: Hand axe          |   109 |   245 |   200 |       |       ||   554
       Punch             |       |     1 |     6 |     5 |       ||    12
       Flail             |       |       |   122 |   286 |       ||   408
       War axe           |       |       |       |   218 |       ||   218
       Great mace        |       |       |       |    41 |    93 ||   134
Invok: Berserk           |       |     2 |     7 |    22 |     4 ||    35
Evoke: Wand              |       |       |       |     2 |       ||     2
  Use: Scroll            |       |    11 |     6 |    10 |     3 ||    30
       Potion            |       |     2 |     1 |     1 |     4 ||     8
 Stab: Petrified         |       |       |       |     4 |       ||     4
       Confused          |       |       |       |       |     1 ||     1
       Paralysed         |       |       |       |       |     1 ||     1
Armor: Animal skin       |    43 |       |       |       |       ||    43
       Chain mail        |    17 |    14 |       |       |       ||    31
       Ring mail         |     1 |   111 |   175 |   383 |    65 ||   735
Dodge: Dodged            |    64 |   127 |   130 |   271 |    36 ||   628
Block: Kite shield       |       |       |       |   101 |       ||   101
